AoeStats
← Bill

Nomad

510636891Analyzed
2v2 RM · 1d ago on Oct 1, 2026· 60m 40s· 4 players
Game mode
Random Map
Map size
176×176
Population
200
Speed
Normal
Resources
Standard
Victory
Conquest
Starting age
Dark Age
Ending age
Imperial Age
RankedLock teamsTeams togetherTeam positionsShared explorationLock speedFull tech treeHidden civsTurbo modeCheats
Victory
Defeat
🇧🇷 Dravidians · Brazil
1336
+17
🇧🇷 Persians · Brazil
1322
+18
🇵🇪 Vietnamese · Peru
1364
-18
🇵🇪 Spanish · Peru
1349
-17
Bill
5:28 Loom
13:16 Feudal Age
13:52 Double-Bit Axe
16:26 Fletching
21:45 Castle Age
19:44 Gold Mining
23:02 Medium Warships
23:02 Bodkin Arrow
28:22 Ballistics
33:02 Horse Collar
37:25 Scale Mail Armor
40:34 Padded Archer Armor
47:42 Wheelbarrow
46:52 Town Watch
53:01 Imperial Age
51:28 Hand Cart
51:47 Leather Archer Armor
53:53 Scale Barding Armor
53:50 Bracer
54:33 Elite Elephant Archer
56:11 Ring Archer Armor
56:44 Chemistry
56:20 Town Patrol
57:21 Husbandry
58:47 Forging
60:18 Chain Barding Armor
60:29 Light Cavalry
Borborema
3:27 Loom
12:42 Feudal Age
18:45 Castle Age
18:15 Bloodlines
18:56 Double-Bit Axe
20:38 Fletching
20:49 Padded Archer Armor
25:18 Husbandry
29:50 Bodkin Arrow
35:15 Leather Archer Armor
35:20 Thumb Ring
42:49 Gold Mining
46:48 Imperial Age
45:44 Wheelbarrow
47:42 Conscription
48:33 Parthian Tactics
50:00 Ballistics
52:05 Bow Saw
54:54 Chemistry
53:50 Murder Holes
56:12 Ring Archer Armor
57:32 Masonry
58:54 Heavy Cavalry Archer
[JRH]LOS CHAPIS
4:48 Loom
12:36 Feudal Age
16:14 Castle Age
15:46 Padded Archer Armor
19:35 Leather Archer Armor
29:58 Double-Bit Axe
32:58 Forging
35:12 Gold Mining
46:16 Imperial Age
44:38 Scale Barding Armor
45:24 Bow Saw
46:43 Iron Casting
46:54 Cavalier
47:47 Bloodlines
49:44 Chain Barding Armor
51:46 Plate Barding Armor
53:12 Blast Furnace
52:52 Wheelbarrow
52:24 Husbandry
52:15 Light Cavalry
53:57 Elite Skirmisher
54:30 Horse Collar
55:20 Imperial Skirmisher
56:29 Fletching
57:32 Bodkin Arrow
59:07 Ring Archer Armor
60:07 Bracer
[JRH]0z3l0t
5:15 Loom
16:13 Feudal Age
22:15 Fletching
25:23 Town Watch
33:28 Castle Age
58:12 Bodkin Arrow
Connection lost

Rejoining the realm…

Still unreachable

The connection could not be restored.

Session expired

The server has moved on; the page needs a fresh start.